Map: Jagannatha LE

Players

ShoWTimE

  • Race: Protoss Protoss
  • League: Grandmaster

Lambo - Winner!

  • Race: Zerg Zerg
  • League: Grandmaster

Event: DreamHack SC2 Masters 2021 Summer

VOD

Have the link to the VOD?

Description

Time

  • Played on: June 4, 2021, 12:07 p.m.
  • Length: 10:07

All games in this series

Show
View Real Time Build Order
Export as new Build Order

ShoWTimE Protoss 

Build Orders: 1 Gate Expand, Oracle Opening, Zealot Archon 

Get SALT Encoding   

  12  0:00  Probe  
  13  0:12  Probe  
  14  0:19  Pylon  
  14  0:24  Probe  
  15  0:37  Probe (Chrono Boost)  
  15  0:38  Gateway  
  16  0:46  Probe (Chrono Boost), Assimilator  
  17  0:51  Probe  
  18  1:03  Probe  
  19  1:15  Probe  
  20  1:24  Nexus  
  20  1:33  Cybernetics Core  
  20  1:37  Probe  
  21  1:42  Assimilator  
  21  1:49  Probe  
  21  1:51  Pylon  
  22  2:01  Probe  
  23  2:07  Adept (Chrono Boost)  
  23  2:13  Probe  
  26  2:20  Stargate  
  26  2:26  Probe (Chrono Boost)  
  26  2:27  Adept (Chrono Boost)  
  29  2:34  Warp Gate  
  29  2:36  Probe (Chrono Boost)  
  30  2:43  Probe (Chrono Boost)  
  32  2:45  Probe (Chrono Boost)  
  32  2:49  Adept  
  32  2:50  Probe x2 (Chrono Boost)  
  36  3:00  Pylon  
  36  3:01  Probe  
  36  3:02  Probe  
  36  3:05  Oracle (Chrono Boost)  
  41  3:13  Probe  
  41  3:14  Probe  
  41  3:19  Adept  
  45  3:26  Probe x2  
  47  3:27  Gateway  
  47  3:35  Oracle (Chrono Boost)  
  47  3:38  Probe x2  
  52  3:41  Pylon  
  52  3:50  Probe x2  
  54  4:00  Nexus  
  54  4:02  Probe  
  55  4:03  Probe  
  55  4:07  Pylon  
  55  4:08  Oracle (Chrono Boost)  
  56  4:14  Assimilator  
  56  4:16  Assimilator  
  59  4:17  Probe  
  59  4:19  Probe  
  61  4:25  Adept x2  
  61  4:29  Probe  
  61  4:31  Probe  
  67  4:37  Pylon  
  67  4:42  Probe  
  67  4:45  Probe  
  69  4:46  Robotics Facility  
  69  4:53  Forge  
  69  4:55  Probe (Chrono Boost), Gateway  
  69  4:57  Probe (Chrono Boost), Sentry  
  69  4:59  Sentry  
  75  5:06  Pylon  
  76  5:09  Probe (Chrono Boost)  
  76  5:12  Probe (Chrono Boost)  
  78  5:14  Probe (Chrono Boost)  
  78  5:18  Probe (Chrono Boost)  
  81  5:22  Probe x2 (Chrono Boost), Phoenix x2  
  81  5:25  Probe (Chrono Boost)  
  81  5:26  Protoss Ground Weapons Level 1 (Chrono Boost)  
  81  5:27  Probe (Chrono Boost)  
  82  5:29  Assimilator  
  82  5:31  Probe (Chrono Boost)  
  82  5:32  Twilight Council, Assimilator  
  84  5:37  Pylon  
  84  5:38  Observer  
  84  5:39  Probe x2 (Chrono Boost)  
  88  5:46  Pylon  
  88  5:48  Probe (Chrono Boost)  
  88  5:49  Probe (Chrono Boost)  
  90  5:51  Probe (Chrono Boost)  
  90  5:54  Probe x2 (Chrono Boost)  
  90  5:56  Gateway  
  90  5:57  Gateway, Immortal (Chrono Boost), Sentry  
  92  6:00  Probe  
  99  6:05  Probe  
  99  6:06  Pylon  
  99  6:09  Gateway  
  99  6:10  Charge (Chrono Boost)  
  100  6:13  Gateway  
  100  6:15  Templar Archives  
  100  6:21  Gateway  
  100  6:23  Gateway  
  100  6:29  Zealot  
  100  6:30  Gateway, Warp Prism (Chrono Boost)  
  102  6:36  Pylon  
  104  6:41  Phoenix  
  104  6:43  Photon Cannon  
  106  6:50  Pylon  
  106  6:57  Nexus  
  106  6:59  Photon Cannon  
  106  7:04  Pylon  
  106  7:06  High Templar x2  
  106  7:07  High Templar x3  
  116  7:10  High Templar  
  116  7:12  Photon Cannon  
  116  7:14  Archon x2  
  116  7:15  Archon  
  118  7:16  Zealot x2  
  118  7:19  Photon Cannon  
  118  7:20  Phoenix  
  124  7:25  Photon Cannon  
  124  7:41  Zealot x7  
  129  7:52  Immortal  
  129  7:54  Probe x3  
  136  8:06  Probe x3  
  136  8:11  Pylon  
  136  8:12  High Templar x2, Pylon  
  139  8:13  High Templar x2, Zealot x3  
  139  8:17  Assimilator  
  139  8:18  Probe, Archon x2  
  154  8:21  Assimilator  
  154  8:28  Probe  
  154  8:29  Probe  
  154  8:30  Pylon  
  140  8:55  Zealot x7  
  140  8:56  Zealot x3, Immortal (Chrono Boost)  
  140  8:57  Probe  
  157  9:12  Probe  
  146  9:19  Stalker x10  
  130  9:24  Probe  
  109  9:42  Zealot x8  
  119  9:49  Probe  
  119  9:52  Photon Cannon  
  110  9:54  Zealot x2  
Show
View Real Time Build Order
Export as new Build Order

Lambo Zerg - Winner!

Build Orders: Hatch First 

Get SALT Encoding   

  12  0:00  Drone  
  13  0:12  Overlord  
  13  0:16  Drone  
  14  0:30  Drone x2  
  16  0:48  Hatchery  
  15  0:52  Drone  
  15  0:55  Drone  
  17  0:58  Drone  
  18  1:09  Extractor  
  17  1:14  Spawning Pool  
  17  1:18  Drone  
  17  1:20  Drone  
  18  1:28  Drone  
  19  1:39  Drone  
  20  1:49  Drone  
  21  2:00  Queen x2  
  25  2:01  Zergling x2, Overlord  
  26  2:10  Drone  
  26  2:11  Drone  
  26  2:13  Metabolic Boost  
  30  2:22  Drone x2  
  30  2:35  Hatchery  
  29  2:38  Drone  
  29  2:43  Queen  
  32  2:47  Overlord  
  32  2:51  Drone  
  32  2:52  Zergling x2  
  32  2:56  Zergling x2  
  32  2:57  Zergling x2  
  36  3:07  Queen, Overlord  
  36  3:09  Zergling x2  
  36  3:11  Drone  
  40  3:13  Drone  
  40  3:15  Drone  
  40  3:18  Drone  
  43  3:21  Drone  
  44  3:28  Overlord  
  44  3:29  Drone  
  44  3:30  Drone  
  46  3:36  Spore Crawler  
  46  3:38  Queen  
  46  3:40  Drone  
  48  3:42  Drone  
  48  3:45  Drone  
  50  3:50  Queen  
  50  3:51  Drone  
  50  3:54  Drone x2  
  54  3:56  Drone  
  54  4:00  Drone, Spore Crawler  
  54  4:02  Zergling x4  
  57  4:07  Drone x2  
  57  4:08  Drone  
  60  4:11  Overlord  
  60  4:16  Drone x2  
  62  4:18  Drone  
  62  4:21  Drone x2  
  65  4:30  Lair, Overlord  
  65  4:34  Extractor, Drone x3  
  65  4:35  Extractor, Drone x2  
  65  4:38  Drone  
  66  4:39  Zergling x2  
  66  4:44  Roach Warren  
  66  4:45  Zergling x2  
  67  4:47  Zergling x2  
  67  4:48  Drone  
  67  4:52  Spore Crawler  
  68  4:55  Drone x4  
  72  5:00  Drone x2  
  72  5:01  Drone, Overlord  
  72  5:03  Drone  
  76  5:07  Drone x2  
  76  5:09  Drone  
  76  5:13  Drone x3, Evolution Chamber  
  81  5:25  Drone x5  
  84  5:31  Hatchery  
  84  5:33  Drone x3  
  86  5:35  Extractor  
  86  5:36  Extractor, Drone x2  
  86  5:39  Drone  
  86  5:40  Drone  
  86  5:41  Zerg Missile Weapons Level 1  
  88  5:43  Extractor  
  88  5:44  Drone x2  
  89  5:51  Spire  
  89  5:55  Drone  
  89  5:56  Baneling Nest  
  88  5:58  Drone  
  88  6:00  Overlord  
  88  6:01  Overlord  
  88  6:02  Overlord  
  87  6:06  Drone x2  
  87  6:09  Glial Reconstitution  
  89  6:12  Infestation Pit  
  89  6:13  Drone  
  89  6:15  Overlord x2  
  89  6:20  Drone x2  
  89  6:21  Drone  
  89  6:22  Drone x4  
  96  6:26  Drone  
  96  6:27  Drone  
  96  6:29  Spore Crawler, Evolution Chamber  
  96  6:30  Roach x2  
  96  6:32  Roach  
  102  6:33  Drone  
  102  6:35  Roach  
  102  6:37  Overlord  
  106  6:40  Drone, Roach  
  106  6:41  Drone  
  106  6:42  Drone  
  106  6:47  Queen  
  109  6:50  Drone x3  
  109  6:52  Drone, Extractor  
  114  6:57  Ravager x2, Roach x2  
  120  7:01  Drone x7  
  120  7:04  Zerg Melee Weapons Level 1  
  127  7:09  Centrifical Hooks  
  127  7:19  Pneumatized Carapace  
  127  7:24  Roach x5  
  127  7:29  Hatchery, Ravager x4  
  138  7:30  Roach x3  
  138  7:34  Baneling x8, Overlord  
  142  7:39  Overlord  
  142  7:41  Roach  
  142  7:43  Roach  
  143  7:45  Roach  
  143  7:46  Roach  
  143  7:47  Overlord  
  143  7:49  Overlord  
  143  7:55  Overlord  
  143  7:56  Zergling x18  
  152  8:00  Roach x4  
  152  8:03  Hive  
  152  8:05  Overlord  
  160  8:07  Overlord  
  160  8:13  Overlord  
  160  8:14  Overlord  
  160  8:19  Roach x4  
  168  8:22  Overseer  
  168  8:27  Zergling x20, Roach  
  168  8:28  Zergling x2  
  168  8:32  Baneling x3  
  168  8:33  Roach x5  
  197  8:41  Roach x4  
  197  8:44  Roach  
  197  8:46  Zergling x8  
  198  8:48  Zergling x2  
  198  8:55  Baneling x13  
  197  8:57  Baneling x9  
  197  8:58  Overlord  
  197  9:00  Baneling x2  
  197  9:01  Overlord  
  196  9:07  Overlord  
  196  9:08  Overlord  
  178  9:19  Zergling x16, Roach x8  
  188  9:25  Zergling x2  
  188  9:29  Roach x3  
  178  9:31  Zergling x6, Roach  
  178  9:37  Roach  
  177  9:41  Roach x3  
  177  9:44  Roach  
  176  9:46  Zergling x2  
  176  9:48  Baneling  
  176  9:49  Baneling x9  
Tags
 
Add a new tag
Caveats
  • Supply blocks, unpowered buildings, or Contaminate may cause inaccurate times.
  • Supply counts are checked every 10 seconds.